[Event "Early-Titled-Tuesday-Blitz-September-05-2023"]
[Site "Chess.com"]
[Date "2023.09.05"]
[Round "1"]
[White "the-gambler"]
[Black "Duhless"]
[Result "1/2-1/2"]
[WhiteElo "2583"]
[BlackElo "3011"]
[TimeControl "180+1"]
[EndTime "8:08:15 PDT"]
[Termination "Game drawn by repetition"]

1. Nf3 Nf6 2. c4 g6 3. Nc3 Bg7 4. g3 d6 5. Bg2 O-O 6. O-O Bd7 7.
d3 Qc8 8. Bg5 Bh3 9. Bxf6 Bxf6 10. Nd5 Nd7 11. Bxh3 e6 12. Nxf6+ Nxf6 13. Qd2 Kg7 14.
b4 Qd8 15. b5 Qe7 16. e4 a6 17.
a4 Nd7 18. Qb2+ Kg8 19. d4 Qf6 20. Bg2 Rfd8 21. e5 Qg7 22. Rfe1 Rab8 23. Rad1 axb5 24. axb5 Nb6 25. c5 Nd5 26. b6 dxc5 27. bxc7 Nxc7 28. dxc5 Na6 29. Qb6 Rdc8 30. Rc1 Rc6 31. Qa7 Qf8 32. Nd4 Rxc5 33. Rxc5 Nxc5 34. Nb5 Nd3 35. Re3 Ra8 36.
Qxb7 Ra1+ 37. Bf1 Nb4 38. Nd6 Nd5 39. Rf3 Qe7 40. Qxe7 Nxe7 41. Rxf7 Nc6 42. f4 Nd4 43.
Kf2 Ra2+ 44. Ke3 Nf5+ 45. Nxf5 Kxf7 46. Nd6+ Ke7 47. h4 Ra3+ 48. Bd3 Ra1 49. Ne4 Re1+ 50. Kf2 Rd1 51. Be2 Ra1 52. Ng5 h6 53. Nf3 Ra2 54. Nd4 Ra4 55. Nc2 Ra2 56. Ne3 Kf7 57. Ng4 Kg7 58. Ke3 Ra3+ 59. Bd3 Ra1 60. Nf6 Rg1 61. Kf2 Rc1 62. Be2 Rc5 63. h5 g5 64. Ne8+ Kf8 65. Nd6 gxf4 66. gxf4 Ke7 67. Ne4 Ra5 68. Ke3 Ra3+ 69.
Bd3 Ra1 70. Nf6 Rh1 71. Be4 Rh3+ 72. Bf3 Kf7 73. Ng4 Rxh5 74. Nf6 Rh2 75. Bh5+ Ke7 76. Bg4 Rb2 77. Bf3 Kf7 78. Bh5+ Kg7 79. Bg4 Rb3+ 80.
Kf2 Kf7 81. Bh5+ Kg7 82. Bg4 Kf7 83. Bh5+ Ke7 84. Bg4 Ra3 85. Ng8+ Kf7 86. Nf6 Ke7 87. Bh5 Rb3 88. Kg2 Kf8 89. Kf2 Ke7 1/2-1/2

[Event "Early-Titled-Tuesday-Blitz-September-05-2023"]
[Site "Chess.com"]
[Date "2023.09.05"]
[Round "1"]
[White "Maus7"]
[Black "Murad_Ibrahimli"]
[Result "1/2-1/2"]
[WhiteElo "2486"]
[BlackElo "2854"]
[TimeControl "180+1"]
[EndTime "8:08:18 PDT"]
[Termination "Game drawn - insufficient material"]

1. e4 e5 2. Nf3 Nc6 3. Bc4 Nf6 4. Ng5 d5 5. exd5 Na5 6. Bb5+ c6 7. dxc6 bxc6 8. Bd3 Nd5 9. h4 h6 10. Qh5 Qe7 11.
Nxf7 Nf4 12. Nd6+ Kd7 13. Nxc8 Kxc8 14. Qg4+ Kc7 15. Be4 h5 16. Qf3 g5 17. Qc3 Qc5 18. hxg5 h4 19. b3 Qxc3 20. Nxc3 Be7 21. Bb2 Bxg5 22.
Nb5+ cxb5 23. Bxe5+ Kd7 24. Bxf4 Bxf4 25. Bxa8 Rxa8 26.
Rxh4 Be5 27. O-O-O Nc6 28. d4 Bf6 29. Rh7+ Kd6 30.
Rh6 Rf8 31. f4 Kd5 32. c3 Ke4 33. d5 Nd8 34. g3 Bxc3 35. Ra6 b4 36. Rxa7 Rh8 37.
Re7+ Kf5 38. Re2 Nb7 39. d6 Rd8 40. d7 Kg4 41. Re8 Kxg3 42. Rxd8 Nxd8 43. f5 Kf4 44.
Rd5 Be5 45. Kc2 Kxf5 46. Kd3 Ke6 47. Kc4 Bd6 48. Rd3 Kxd7 49. Kb5 Kc7 50. Ka4 Nb7 51. Rxd6 Kxd6 52. Kxb4 Kc6 53. a4 Kb6 54. Ka3 Nc5 55. b4 Nb7 56. a5+ Kb5 57. Kb3 Nd6 58. Kc3 Nc4 59.
a6 Nb6 60. a7 Ka6 61. Kd4 Kxa7 62. Kc5 Kb7 63. Kb5 Nc8 64. Kc5 Na7 65. b5 Nc8 66. b6 Nxb6 1/2-1/2

[Event "Early-Titled-Tuesday-Blitz-September-05-2023"]
[Site "Chess.com"]
[Date "2023.09.05"]
[Round "1"]
[White "valemava"]
[Black "Nf3c5"]
[Result "0-1"]
[WhiteElo "2297"]
[BlackElo "2618"]
[TimeControl "180+1"]
[EndTime "8:08:18 PDT"]
[Termination "Nf3c5 won by resignation"]

1. Nf3 d5 2. c4 c6 3. b3 Nf6 4. Bb2 Bf5 5. g3 e6 6. Bg2 Be7 7. d3 h6 8. O-O O-O 9. a3 a5 10. Nbd2 Nbd7 11. Re1 Bh7 12. Bc3 Qb8 13. b4 a4 14. Qc1 e5 15. e4 d4 16. Bb2 b5 17.
c5 Ne8 18. g4 Nc7 19. Nf1 Ne6 20. Qd1 Nf4 21. Bc1 Ne6 22. Ng3 Bg5 23. Nxg5 hxg5 24. Nf5 Qd8 25. f3 Qf6 26. Kf2 Nf4 27. Bxf4 exf4 28. Bf1 Bxf5 29. gxf5 Qh6 30. Kg1 Ne5 31. Ra2 f6 32. Rg2 Kf7 33. Kf2 Rh8 34. Ke2 Ke7 35. Kd2 Rad8 36. Be2 Qh7 37. Reg1 Qg8 38. Qc2 Rh4 39.
Bd1 Qf7 40. Kc1 Rdh8 41. Kb1 Rh3 42. Rf2 Rd8 43. Rgg2 Rh4 44. Rd2 Qh5 45. Qa2 Qf7 46.
Qxf7+ Kxf7 47. Kc1 Ke7 48. Be2 Rdh8 49. Bd1 Rh3 50.
Rgf2 g4 51. fxg4 Nxd3+ 52. Rxd3 Rxd3 53. Bc2 Rxa3 54. Kb2 Rah3 55. Rd2 d3 56. Bb1 Rxh2 57. Kc3 Rxd2 58. Kxd2 Rh4 59. Kxd3 Rxg4 60. Kd4 Rg3 61. e5 Rb3 62. Be4 Rxb4+ 63. Kd3 Rxe4 64. Kxe4 fxe5 65. Kxe5 a3 66. Kxf4 a2 67. Kg5 a1=Q 68. Kg6 Qf6+ 69. Kh7 Qxf5+ 70. Kg8 Qxc5 71. Kxg7 Qg5+ 72. Kh8 Kf7 0-1

[Event "Early-Titled-Tuesday-Blitz-September-05-2023"]
[Site "Chess.com"]
[Date "2023.09.05"]
[Round "1"]
[White "Manukyan_Artak"]
[Black "bascheyaro"]
[Result "0-1"]
[WhiteElo "2450"]
[BlackElo "2814"]
[TimeControl "180+1"]
[EndTime "8:08:19 PDT"]
[Termination "bascheyaro won by resignation"]

1. e4 e6 2. d4 d5 3. e5 c5 4. c3 Qb6 5. Nf3 Bd7 6. a3 Bb5 7. c4 Bxc4 8. Bxc4 dxc4 9. Nbd2 Qa6 10. Qe2 Nc6 11. dxc5 c3 12. bxc3 Qxe2+ 13. Kxe2 Bxc5 14. Ne4 Be7 15. a4 f5 16. exf6 gxf6 17. Ba3 f5 18. Neg5 Bxa3 19. Rxa3 Ke7 20. Re1 h6 21. Nh3 Nf6 22.
Nf4 Kf7 23. Nd4 Nd8 24. Kf1 Re8 25. Nd3 Nd7 26. Nb5 Ke7 27. Nc7 Rc8 28. Nxe8 Kxe8 29. Rb3 Rc4 30. a5 Ra4 31. Rb5 Kf7 32. Ne5+ Nxe5 33.
Rbxe5 Rc4 34. Rd1 Ke7 35. Re3 Nc6 36. Ra1 h5 37. g3 Rc5 38. a6 b6 39. f4 Rc4 40.
Kg2 h4 41. Rae1 Nd8 42. Rd1 hxg3 43. Kxg3 Ra4 44. Red3 Nc6 45. Rd7+ Kf6 46. Rc7 Ne7 47. Rdd7 Nd5 48. Rf7+ Kg6 49. Rg7+ Kh6 50. Rh7+ Kg6 51. Rxa7 Nxf4 52. Rag7+ Kf6 53. a7 Nh5+ 54. Rxh5 Kxg7 55. Rg5+ Kf6 56. h4 Rxa7 57. Rg8 Rg7+ 58. Rxg7 Kxg7 59.
h5 e5 60. Kh4 Kh6 61. c4 e4 0-1

[Event "Early-Titled-Tuesday-Blitz-September-05-2023"]
[Site "Chess.com"]
[Date "2023.09.05"]
[Round "1"]
[White "lilleper1"]
[Black "matecontomate123"]
[Result "1-0"]
[WhiteElo "2886"]
[BlackElo "2479"]
[TimeControl "180+1"]
[EndTime "8:08:21 PDT"]
[Termination "lilleper1 won on time"]

1. g3 g6 2. Bg2 Bg7 3. e4 e5 4.
Ne2 Ne7 5. d4 d6 6. Nbc3 O-O 7.
O-O Bg4 8. h3 Be6 9. Be3 Qd7 10.
Kh2 exd4 11. Nxd4 Bc4 12. Re1 Nbc6 13. Qd2 Rae8 14. Rad1 f5 15. exf5 Nxf5 16. Nxf5 Qxf5 17. Nd5 Bxd5 18. Qxd5+ Qxd5 19. Bxd5+ Kh8 20. c3 Ne5 21. f4 Nc6 22. Kg2 a6 23. Kf2 Re7 24. h4 Rfe8 25. Bd2 Rxe1 26. Rxe1 Rxe1 27. Kxe1 Nd8 28.
Ke2 Bf6 29. Kd3 Kg7 30. Be3 c6 31. Bf3 Kf7 32. h5 d5 33. Bg4 Ne6 34. a4 Be7 35. b4 b5 36. a5 c5 37. Bxe6+ Kxe6 38. Bxc5 Bf6 39. hxg6 hxg6 40. g4 Bh4 41. Be3 Bf6 42.
Bd4 Be7 43. Be5 Bh4 44. Bd4 Bg3 45. Ke3 Be1 46. Kf3 Bd2 47. Kg3 Bc1 48. Be5 g5 49.
Bb8 Bd2 50. f5+ Kf6 51. Kf3 Bxc3 52. Bd6 Bd4 53. Ke2 Kf7 54. Kd3 Bb2 55. Bc7 Bf6 56. Bb6 Be7 57. Bc5 Bf6 58. Bd4 Be7 59. Bc3 Bd8 60. Bd2 Be7 61. Kd4 1-0

[Event "Early-Titled-Tuesday-Blitz-September-05-2023"]
[Site "Chess.com"]
[Date "2023.09.05"]
[Round "1"]
[White "ZuraTqebuchava"]
[Black "KChor05TTV"]
[Result "0-1"]
[WhiteElo "2253"]
[BlackElo "2600"]
[TimeControl "180+1"]
[EndTime "8:08:22 PDT"]
[Termination "KChor05TTV won on time"]

1. e4 c5 2. Nf3 Nc6 3. Bb5 Qb6 4. Bxc6 Qxc6 5. Nc3 d6 6. h3 Nf6 7. d3 g6 8. O-O Bg7 9. Bg5 h6 10. Bxf6 Bxf6 11. Qd2 Bg7 12. Rad1 O-O 13. Nd5 Re8 14. c3 Be6 15. c4 Bd7 16. b3 e6 17. Ne3 f5 18. exf5 gxf5 19. d4 cxd4 20. Nxd4 Qe4 21. Rfe1 Qf4 22. Ne2 Qg5 23. Qxd6 Rad8 24. Qf4 e5 25.
Qxg5 hxg5 26. Rd6 f4 27. Nd5 Bc6 28. Rxd8 Rxd8 29. Nec3 Kf7 30. f3 Bf8 31. Rxe5 Bc5+ 32. Kf1 Kg6 33. Ke2 Bd4 34. Re7 b5 35. Re6+ Kf5 36.
Rxc6 b4 37. Nb5 Be5 38. Ra6 Re8 39. Kd3 Bb8 40. Rf6+ Ke5 41. Rg6 Kf5 42. Rg7 Rd8 43. Rf7+ Kg6 44. Rb7 Kh5 45. Rf7 a6 46. Nd4 Kh4 47.
Nf5+ Kh5 48. Ne7 Kh4 49. Ke2 Re8 50. Kf1 Kg3 51. Nf5+ Kh2 52. Rg7 Be5 53. Re7 Rf8 0-1

[Event "Early-Titled-Tuesday-Blitz-September-05-2023"]
[Site "Chess.com"]
[Date "2023.09.05"]
[Round "1"]
[White "slidingknight2775"]
[Black "Doudou2015"]
[Result "1-0"]
[WhiteElo "2580"]
[BlackElo "2177"]
[TimeControl "180+1"]
[EndTime "8:08:22 PDT"]
[Termination "slidingknight2775 won by resignation"]

1. d4 d5 2. Nf3 Nf6 3. c4 e6 4. g3 c6 5. Bg2 Be7 6. O-O O-O 7. Qc2 Nbd7 8. Nbd2 Re8 9. e4 dxe4 10.
Nxe4 Nxe4 11. Qxe4 Nf6 12. Qc2 Bd6 13. Rd1 Qc7 14. Bg5 Nd7 15. c5 Bf8 16. Bf4 Qd8 17.
Ng5 g6 18. Ne4 Nf6 19. Nd6 Re7 20. Bg5 Bg7 21. b4 Rd7 22. Rac1 h6 23. Bd2 Ne8 24.
Nxe8 Qxe8 25. Bc3 Qd8 26. Qb2 a5 27. b5 cxb5 28. Qxb5 Bxd4 29. Rxd4 Rxd4 30. Bxd4 Qxd4 31. Bxb7 Bxb7 32. Qxb7 Rd8 33. c6 Qd2 34. Rf1 Rf8 35. c7 Qd7 36. Rc1 Rc8 37. h4 Kh7 38. a3 a4 39. Rc5 h5 40. Kg2 Kg8 41. Qb6 Kh7 42. Rc3 Qd5+ 43. Kh2 Qd2 44. Rf3 Kg8 45. Qc5 Qd7 46. Rc3 Kh7 47. Kg2 Qd5+ 48. Qxd5 exd5 49. Kf3 Kg7 50. Ke3 Kf6 51. Kd4 Ke6 52. Rc6+ Kd7 53.
Kxd5 Rxc7 54. Rxc7+ Kxc7 55. Kc5 f6 56. Kb4 g5 57. Kxa4 gxh4 58. gxh4 Kc6 59. Kb4 Kd5 60.
a4 Ke4 61. a5 Kf3 62. a6 Kxf2 63. a7 f5 64. a8=Q f4 65. Qh8 f3 66. Qxh5 Kg3 67.
Qxf3+ Kxf3 68. h5 1-0

[Event "Early-Titled-Tuesday-Blitz-September-05-2023"]
[Site "Chess.com"]
[Date "2023.09.05"]
[Round "1"]
[White "blitzo_vich"]
[Black "wild3000"]
[Result "1-0"]
[WhiteElo "2612"]
[BlackElo "2284"]
[TimeControl "180+1"]
[EndTime "8:08:23 PDT"]
[Termination "blitzo_vich won by resignation"]

1. c4 Nf6 2. Nc3 e5 3. Nf3 d6 4.
g3 g6 5. Bg2 Bg7 6. O-O O-O 7.
Rb1 a5 8. a3 Nc6 9. d3 Bg4 10. h3 Be6 11. b4 axb4 12. axb4 Qd7 13. Ng5 Rab8 14. Nxe6 Qxe6 15. Nd5 Qd7 16. Bg5 Nxd5 17.
cxd5 Nd4 18. Bd2 f5 19. e3 Nb5 20. Qb3 Kh8 21. Rfc1 Ra8 22. Ra1 Bf6 23. Qc4 Kg7 24. Ra5 Rxa5 25. bxa5 Rc8 26. Qa4 c6 27. a6 c5 28. a7 Ra8 29. Rb1 Rxa7 30. Qxb5 Qxb5 31.
Rxb5 Bd8 32. Bf1 Kf7 33. d4 cxd4 34. exd4 e4 35. Bf4 Ke7 36. Bg5+ Kd7 37. Bxd8 Kxd8 38. Rb4 Kc7 39. Kg2 Ra5 40. Bb5 Ra2 41. Rb3 Rd2 42. Be8 Rxd4 43. Bf7 Rc4 44. Bg8 h6 45. Bh7 Rc5 46. Bxg6 Rxd5 47. g4 fxg4 48. hxg4 Re5 49. Kg3 d5 50. Kf4 Re7 51. Kf5 Kc6 52. Kf6 Rc7 53.
Rc3+ Kd6 54. Rxc7 Kxc7 55. Ke5 Kc6 56. Bf7 Kc5 57. Bxd5 b5 58. Bxe4 Kc4 59. f4 Kc5 60. g5 1-0

[Event "Early-Titled-Tuesday-Blitz-September-05-2023"]
[Site "Chess.com"]
[Date "2023.09.05"]
[Round "1"]
[White "TregubovP"]
[Black "Yerlan-Ra"]
[Result "0-1"]
[WhiteElo "2637"]
[BlackElo "2390"]
[TimeControl "180+1"]
[EndTime "8:08:26 PDT"]
[Termination "Yerlan-Ra won by resignation"]

1. e4 e5 2. Nf3 d6 3. d4 exd4 4.
Nxd4 Nf6 5. Nc3 Be7 6. Bc4 O-O 7. O-O Re8 8. Re1 Bf8 9. a4 Nbd7 10. Ba2 a5 11.
Bg5 h6 12. Bh4 c6 13. Qf3 Ne5 14. Qe2 Qb6 15. Qd2 g5 16. Bg3 Nh5 17. Nf5 Nxg3 18.
hxg3 d5 19. Nd4 dxe4 20. Nxe4 Bg7 21. c3 Bd7 22. Qc2 Rad8 23. Nd6 Re7 24. N6f5 Ree8 25. Nxg7 Kxg7 26. Nf5+ Bxf5 27. Qxf5 Qc7 28. Re4 Ng6 29. Rae1 Rxe4 30. Qxe4 Rd7 31. Qf5 Rd6 32. Re8 Rf6 33.
Rg8+ Kxg8 34. Qxf6 Kf8 35. Bb1 Qe7 36. Qf5 Kg7 37. Kh2 Qe5 38. Qf3 Ne7 39. Ba2 Nf5 40. Qh5 Nd6 41. Qg4 Qf5 42. Qd4+ Qf6 43. Qc5 Ne4 44.
Qe3 Nxf2 45. Kg1 Ng4 46. Qf3 Qxf3 47. gxf3 Ne5 48. Kg2 Kf6 49. Bb1 Nc4 50. b3 Nd6 51. Kf2 Ke5 52. Ke3 f5 53. f4+ gxf4+ 54. gxf4+ Kf6 55. Bd3 h5 56. Be2 h4 57. Kf3 Ne4 58. c4 Nd2+ 59. Kg2 Nxb3 60. Kh3 Nd4 61. Bd1 Ne6 62.
Kxh4 Nxf4 63. Kg3 Ke5 64. Kf3 Ne6 65. Ke3 f4+ 66. Kd3 Nc5+ 67. Ke2 Ke4 68. Bc2+ Kd4 69. Kf3 Kc3 0-1

[Event "Early-Titled-Tuesday-Blitz-September-05-2023"]
[Site "Chess.com"]
[Date "2023.09.05"]
[Round "1"]
[White "kushbhagat2009"]
[Black "Zhani-Z"]
[Result "1-0"]
[WhiteElo "2619"]
[BlackElo "2296"]
[TimeControl "180+1"]
[EndTime "8:08:26 PDT"]
[Termination "kushbhagat2009 won by checkmate"]

1. d4 d5 2. Bf4 Nf6 3. e3 c5 4. Nf3 Nc6 5. Nbd2 Bf5 6. dxc5 e6 7. b4 Nxb4 8. Bb5+ Nc6 9. Nd4 Rc8 10. N2b3 e5 11. Bxe5 Nd7 12. Bg3 Nxc5 13. Nxf5 Nxb3 14. axb3 Bb4+ 15. Ke2 Qf6 16. Bxc6+ Rxc6 17. Nd4 Rc8 18. Rxa7 O-O 19. Rxb7 Bc5 20. Qd3 Bxd4 21. exd4 Rfe8+ 22. Kd2 Re4 23. c3 Qd8 24. f3 Qg5+ 25. Kc2 Re3 26. Qd2 Rexc3+ 27. Qxc3 Rxc3+ 28. Kxc3 Qe3+ 29. Kc2 Qe2+ 30.
Kb1 Qd3+ 31. Kb2 Qxd4+ 32. Ka3 Qc5+ 33. b4 Qc3+ 34. Ka4 Qc2+ 35. Ka5 h5 36. Re1 Qa2+ 37. Kb6 d4 38. b5 d3 39. Rd7 d2 40. Rd1 Qe6+ 41. Rd6 Qe3+ 42. Kb7 Qe7+ 43. Kc6 h4 44. Bf4 g5 45. Bxd2 Qe2 46. Bxg5 Qc4+ 47. Kb6 Qc5+ 48. Kxc5 h3 49. Rd8+ Kg7 50. gxh3 Kg6 51. R1d5 Kh5 52. Bf6+ Kg6 53. R8d6 Kh7 54. Rh5+ Kg6 55. Be5+ Kxh5 56. Bf4 f6 57. Rxf6 Kh4 58. Rh6# 1-0

[Event "Early-Titled-Tuesday-Blitz-September-05-2023"]
[Site "Chess.com"]
[Date "2023.09.05"]
[Round "1"]
[White "esrosenberg"]
[Black "lamomiajunior"]
[Result "1/2-1/2"]
[WhiteElo "2402"]
[BlackElo "2685"]
[TimeControl "180+1"]
[EndTime "8:08:28 PDT"]
[Termination "Game drawn by repetition"]

1. d4 Nf6 2. Nf3 d5 3. c3 c5 4. dxc5 e6 5. Be3 a5 6. c4 Nbd7 7. Nc3 dxc4 8. g3 Bxc5 9. Bxc5 Nxc5 10.
Qxd8+ Kxd8 11. O-O-O+ Ke7 12. Ne5 Nfe4 13. Nxe4 Nxe4 14.
Rg1 c3 15. f3 cxb2+ 16. Kxb2 Nc5 17. e4 f6 18. Nc4 Bd7 19. Nb6 Rad8 20. Nxd7 Rxd7 21. Bb5 Rxd1 22. Rxd1 Rd8 23. Rxd8 Kxd8 24. Kc3 Kc7 25. Kd4 Kd6 26. f4 e5+ 27. Ke3 b6 28. h4 Ne6 29. Bc4 Nd4 30. Bg8 h6 31. Bc4 b5 32. Bg8 a4 33. g4 b4 34. g5 hxg5 35. hxg5 b3 36. axb3 axb3 37. gxf6 gxf6 38. fxe5+ fxe5 39. Kd3 b2 40. Ba2 Nb5 41. Kc2 b1=Q+ 42. Bxb1 Na3+ 43.
Kb2 Nxb1 44. Kxb1 Kc5 45. Kc2 Kc4 46. Kd2 Kd4 47. Kd1 Kd3 48. Ke1 Ke3 49. Kf1 Kd2 50.
Kf2 Kd3 51. Kf3 Kd4 52. Kf2 Kxe4 53. Ke2 Kf4 54. Kf2 Ke4 55. Ke2 Kd4 56. Kd2 Kd5 57. Kd3 Kd6 58. Ke4 Ke6 59. Ke3 Kf6 60. Ke4 Ke6 61.
Ke3 Kf5 62. Kf3 e4+ 63. Ke3 Ke5 64. Ke2 Kd4 65. Kd2 e3+ 66. Ke2 Ke4 67. Ke1 Kf4 68. Ke2 Ke4 69. Ke1 Kd4 70. Ke2 Ke4 1/2-1/2

[Event "Early-Titled-Tuesday-Blitz-September-05-2023"]
[Site "Chess.com"]
[Date "2023.09.05"]
[Round "1"]
[White "schachlana"]
[Black "Stouuf"]
[Result "1/2-1/2"]
[WhiteElo "2325"]
[BlackElo "2617"]
[TimeControl "180+1"]
[EndTime "8:08:30 PDT"]
[Termination "Game drawn - insufficient material"]

1. Nf3 Nf6 2. g3 g6 3. c4 Bg7 4. Bg2 O-O 5. d4 d6 6. O-O c6 7.
Nc3 Nbd7 8. e4 e5 9. Be3 exd4 10. Nxd4 Re8 11. h3 Nc5 12. Qc2 a5 13. Rfe1 Ne6 14.
Nxe6 Bxe6 15. b3 h5 16. Rad1 Qc7 17. Na4 Nd7 18. f4 f5 19. Qd3 Nf6 20. Bb6 Qf7 21.
exf5 Bxf5 22. Qxd6 Ne4 23. Bxe4 Bxe4 24. Qd2 Bf5 25.
Qg2 Rxe1+ 26. Rxe1 Re8 27. Rxe8+ Qxe8 28. Kh2 Qe1 29.
Bf2 Qb1 30. Nc5 Qxa2 31. Nxb7 Qxb3 32. Nxa5 Qa4 33. Nxc6 Qxc4 34. Ne7+ Kh7 35. Nxf5 gxf5 36. Qf3 Kg6 37. g4 hxg4 38. hxg4 fxg4 39. Qxg4+ Kf7 40. Qf5+ Kg8 41. Qg4 Kf7 42. Kh3 Qd5 43. Kh2 Bf6 44. Bg3 Qd2+ 45. Kh3 Qd5 46. Kh2 Be7 47. f5 Qd2+ 48. Kh3 Qh6+ 49. Kg2 Bf6 50. Qc4+ Kg7 51. Qc7+ Kh8 52. Qc8+ Kh7 53. Qd7+ Kg8 54. Qe8+ Kh7 55. Qf7+ Qg7 56. Qh5+ Kg8 57. Qe8+ Qf8 58. Qxf8+ Kxf8 59. Kf3 Kf7 60. Ke4 Bg7 61. Kd5 Bf6 62. Ke4 Bg5 63. Bf4 Bf6 64. Be5 Be7 65. Kd5 Bg5 66. Kd6 Be7+ 67. Kd7 Bg5 68. Bd4 Bf4 69. Kc6 Bg5 70. Kd5 Be7 71. Be5 Bg5 72. Ke4 Be7 73.
Kf3 Bg5 74. Kg4 Be7 75. Kh5 Bc5 76. f6 Be7 77. fxe7 Kxe7 1/2-1/2

[Event "Early-Titled-Tuesday-Blitz-September-05-2023"]
[Site "Chess.com"]
[Date "2023.09.05"]
[Round "1"]
[White "DawidCzerw"]
[Black "Sargsyan_Shant"]
[Result "1/2-1/2"]
[WhiteElo "2514"]
[BlackElo "2933"]
[TimeControl "180+1"]
[EndTime "8:08:31 PDT"]
[Termination "Game drawn - insufficient material"]

1. e4 g6 2. d4 Nf6 3. Nc3 d5 4. Bd3 dxe4 5. Nxe4 Bg7 6. c3 O-O 7. Nf3 Nbd7 8. O-O Nxe4 9. Bxe4 c5 10. Be3 Nf6 11.
Bc2 Nd5 12. dxc5 Nxe3 13. Qxd8 Rxd8 14. fxe3 Bg4 15. Rad1 Rdc8 16. Bb3 Bf6 17. Bxf7+ Kg7 18.
Bd5 Rxc5 19. h3 Bc8 20. e4 Kh6 21. e5 Bg7 22. g4 g5 23. Kg2 a5 24. Kg3 Ra6 25. Rh1 Kg6 26. Be4+ Kf7 27. Nxg5+ Ke8 28.
Nf3 h6 29. Kf4 Rb6 30. Rh2 Bd7 31. Rhd2 Rc7 32. Bf5 e6 33. Bg6+ Ke7 34. Be4 Rb5 35.
b3 Be8 36. c4 Rbc5 37. h4 b5 38. Bd3 b4 39. Be4 a4 40. Rd6 Ra5 41. g5 axb3 42. axb3 Ra3 43. R1d3 Ra1 44. gxh6 Bxh6+ 45. Ng5 Rf1+ 46.
Kg4 Rg1+ 47. Rg3 Re1 48. Rxe6+ Kd8 49. Rd6+ Bd7+ 50. e6 Bxg5 51. Kxg5 Rxe4 52. Rgd3 Re5+ 53. Kf4 Rh5 54. Rxd7+ Rxd7 55. Rxd7+ Ke8 56. Rd5 Rxh4+ 57. Ke5 Rh3 58. Rb5 Rxb3 59. Kd6 Rd3+ 60. Kc6 b3 61. c5 Ke7 62. Kc7 Kxe6 63. c6 Rc3 64.
Kb7 Kd6 65. Rb6 Kd5 66. c7 Rxc7+ 67. Kxc7 Kc4 68. Kd6 Kc3 69. Kd5 b2 70. Kc5 Kc2 71.
Kc4 b1=Q 72. Rxb1 Kxb1 1/2-1/2

[Event "Early-Titled-Tuesday-Blitz-September-05-2023"]
[Site "Chess.com"]
[Date "2023.09.05"]
[Round "1"]
[White "DishonorOnYourCow"]
[Black "Mariia89"]
[Result "1-0"]
[WhiteElo "2553"]
[BlackElo "1972"]
[TimeControl "180+1"]
[EndTime "8:08:31 PDT"]
[Termination "DishonorOnYourCow won by checkmate"]

1. d4 Nf6 2. c4 c5 3. d5 b5 4. cxb5 a6 5. bxa6 Bxa6 6. Nc3 d6 7. Nf3 g6 8. g3 Bg7 9. e4 Bxf1 10. Kxf1 O-O 11. Kg2 Nbd7 12. a4 Qb6 13. Qc2 Rfb8 14.
Nd2 Ng4 15. Nb5 Nde5 16. h3 Nf6 17. f4 Ned7 18. Nc4 Qb7 19. Ra3 Nb6 20. Nxb6 Qxb6 21. Be3 Qb7 22. Rd1 h5 23. Qc4 Nd7 24. b3 Nb6 25. Qc2 Rc8 26. a5 Nd7 27. Qc4 Rcb8 28. Nc3 Qb4 29. Nb1 Rb7 30. a6 Rba7 31. Qxb4 cxb4 32.
Ra4 Rxa6 33. Rxb4 Ra1 34. Rc1 Nf6 35. Nc3 Rxc1 36. Bxc1 Ra1 37. Bb2 Ra8 38. Ra4 Rb8 39.
b4 Nd7 40. Nd1 Rc8 41. Bxg7 Kxg7 42. Ne3 Rc3 43. Kf2 Nf6 44. b5 Nxe4+ 45. Rxe4 Rb3 46. Rxe7 Kf6 47. Rb7 Rb2+ 48. Kf3 h4 49. gxh4 Rb3 50. b6 Kg7 51. Rb8 Kh6 52. b7 Kg7 53. f5 Kf6 54. fxg6 Ke5 55. Re8+ Kd4 56. b8=Q Rxb8 57.
Rxb8 fxg6 58. Rg8 Kc5 59. Rxg6 Kd4 60. h5 Kd3 61. h6 Kd4 62. h7 Kc5 63. h8=Q Kb6 64.
Rxd6+ Kc5 65. Rc6+ Kb4 66. Qb8+ Ka5 67. Rc7 Ka6 68. Ra7# 1-0

[Event "Early-Titled-Tuesday-Blitz-September-05-2023"]
[Site "Chess.com"]
[Date "2023.09.05"]
[Round "1"]
[White "CrazyMartian"]
[Black "Andrei_Skvortsov"]
[Result "1/2-1/2"]
[WhiteElo "2354"]
[BlackElo "2642"]
[TimeControl "180+1"]
[EndTime "8:08:32 PDT"]
[Termination "Game drawn - insufficient material"]

1. d4 d5 2. c4 dxc4 3. Nc3 a6 4. a4 Nc6 5. Nf3 Bg4 6. e3 Na5 7. h3 Bh5 8. g4 Bg6 9. Ne5 e6 10. Nxg6 hxg6 11. Bg2 Bb4 12. O-O Nf6 13. Qe2 c6 14. Bd2 Bxc3 15. Bxc3 Nd5 16. Bxa5 Qxa5 17. Qxc4 Ke7 18. b4 Qb6 19. Rab1 Rac8 20. Rfc1 Nf6 21. b5 cxb5 22. Qb4+ Qd6 23. Rxc8 Qxb4 24. Rxb4 Rxc8 25. Bxb7 Nd5 26. Bxd5 exd5 27. axb5 Rb8 28. b6 Kd6 29. Kg2 Kc6 30. Kf3 Rxb6 31. Ra4 Kb7 32. Kf4 Rf6+ 33.
Kg3 Kb6 34. f3 Rc6 35. e4 Rc4 36. Ra1 dxe4 37. fxe4 Rxd4 38. Kf4 f6 39. Rb1+ Kc5 40. Rb7 g5+ 41. Kf5 a5 42. Rxg7 Rd6 43. Ra7 Kb6 44.
Ra8 Kb5 45. e5 fxe5 46. Kxe5 Rc6 47. Kf5 Rc5+ 48. Kg6 a4 49. Kh5 Kb4 50. h4 gxh4+ 51. Kxh4 a3 52. Rb8+ Rb5 53. Rf8 a2 54. Rf1 Ka3 55.
Ra1 Rb1 56. Rxa2+ Kxa2 57. g5 Kb3 58. g6 Kc4 59. Kg5 Kd5 60. Kf6 Rf1+ 61. Ke7 Rg1 62.
Kf7 Rf1+ 63. Ke7 Rg1 64. Kf7 Ke5 65. g7 Rf1+ 66. Ke7 Rg1 67. Kf7 Rxg7+ 68. Kxg7 1/2-1/2

[Event "Early-Titled-Tuesday-Blitz-September-05-2023"]
[Site "Chess.com"]
[Date "2023.09.05"]
[Round "1"]
[White "Duong57"]
[Black "Iball95"]
[Result "0-1"]
[WhiteElo "2444"]
[BlackElo "2813"]
[TimeControl "180+1"]
[EndTime "8:08:33 PDT"]
[Termination "Iball95 won by checkmate"]

1. d4 d5 2. c4 e6 3. Nc3 c5 4. cxd5 cxd4 5. Qxd4 Nc6 6. Qd1 exd5 7. e3 Nf6 8. Nf3 Bb4 9. Bd2 O-O 10. Bd3 d4 11.
exd4 Nxd4 12. O-O Bg4 13. Be3 Bxc3 14. bxc3 Bxf3 15. gxf3 Nxf3+ 16. Qxf3 Qxd3 17. Rfd1 Qxc3 18. Qxb7 Ng4 19. Bd4 Qc2 20. Qg2 Qf5 21. Rac1 Rad8 22. h3 Nf6 23. Bxa7 h6 24. Bb6 Rxd1+ 25. Rxd1 Qc2 26. Rd6 Qxa2 27. Bd4 Ne8 28. Rd8 Qa4 29.
Rxe8 Qxd4 30. Rxf8+ Kxf8 31. Qa8+ Ke7 32. Qb7+ Kf6 33. Qc6+ Kf5 34. Qc2+ Qe4 35. Qc8+ Qe6 36. Qc2+ Kf6 37. Qc3+ Kg6 38. Qg3+ Kh7 39. Kh2 Qg6 40.
Qe3 Qf5 41. Qg3 g6 42. Qe3 h5 43. Qd4 Qe6 44. Kg2 Qe7 45. Qf4 Kg7 46. Kh2 Qf6 47. Qe3 Qb2 48. Kg2 Qb7+ 49. Kh2 Qd5 50. Kg1 g5 51.
Kh2 Kf6 52. Qc3+ Qe5+ 53. Qxe5+ Kxe5 54. Kg3 f5 55. Kf3 h4 56. Kg2 Kf4 57. Kg1 Kf3 58. Kf1 g4 59. hxg4 fxg4 60. Kg1 h3 61. Kh1 Kxf2 62. Kh2 g3+ 63. Kxh3 g2 64. Kh2 g1=Q+ 65. Kh3 Qg3# 0-1

[Event "Early-Titled-Tuesday-Blitz-September-05-2023"]
[Site "Chess.com"]
[Date "2023.09.05"]
[Round "1"]
[White "Apocalyps999"]
[Black "WanderingPuppet"]
[Result "0-1"]
[WhiteElo "2310"]
[BlackElo "2638"]
[TimeControl "180+1"]
[EndTime "8:08:33 PDT"]
[Termination "WanderingPuppet won by checkmate"]

1. e4 c5 2. c3 Nf6 3. e5 Nd5 4. Nf3 e6 5. d4 cxd4 6. cxd4 d6 7. Bc4 Be7 8. O-O O-O 9. Qe2 b6 10. Nc3 Nxc3 11. bxc3 Bb7 12. Bd3 Nd7 13. exd6 Bxd6 14. Be4 Qc7 15. Bxb7 Qxb7 16. Bb2 b5 17. Nd2 Nf6 18.
a4 a6 19. axb5 axb5 20. Nb3 h6 21. f3 Qd5 22. Nd2 Qh5 23. g3 Nd5 24. Ne4 Be7 25. Rxa8 Rxa8 26. Qxb5 Qg6 27. c4 Ne3 28. Re1 Nf5 29.
d5 h5 30. dxe6 fxe6 31. Qb7 Rf8 32. Nf2 Bc5 33. Qe4 Kf7 34. Kg2 h4 35. g4 Ne7 36. Nh3 Qxe4 37. Rxe4 Rd8 38. Ng5+ Kg8 39. Nxe6 Rd2+ 40. Kh3 Bg1 41. Kxh4 Rxh2+ 42. Kg5 Rxb2 43. c5 Nc6 44. Nf4 Rc2 45. Re8+ Kf7 46. Rc8 Rxc5+ 47.
Kh4 Bf2+ 48. Kh3 Rc2 49. Nh5 Kg6 50. Ng3 Nd4 51. Rxc2 Nxc2 52. Ne4 Be3 53. Kg2 Bf4 54. Kf2 Nd4 55. Kg2 Ne6 56. Kh3 Ng5+ 57. Kg2 Nxe4 58. fxe4 Kg5 59. Kf3 Be5 60. Ke3 Kxg4 61. Kd3 Kf4 62.
Kc4 Kxe4 63. Kb5 g5 64. Kc4 g4 65. Kb5 g3 66. Kc4 g2 67. Kb3 g1=Q 68. Kc4 Qc1+ 69.
Kb5 Kd5 70. Ka6 Qb1 71. Ka5 Kc5 72. Ka6 Qb6# 0-1